Map: Zielone pola

Players

Pootato - Winner!

  • Race: Zerg Zerg
  • Spawn Location: 9:00

MrFreezes - Winner!

  • Race: Zerg Zerg
  • Spawn Location: 6:00

MrPink - Winner!

  • Race: Terran Terran
  • League: Silver
  • Spawn Location: 7:00

nexus

  • Race: Protoss Protoss
  • Spawn Location: 1:00

Gracz

  • Race: Terran Terran
  • Spawn Location: 12:00

vlad

  • Race: Terran Terran
  • Spawn Location: 3:00

VOD

Have the link to the VOD?

Description

Time

  • Played on: Feb. 24, 2016, 10:46 a.m.
  • Length: 24:05
Show
View Real Time Build Order
Export as new Build Order

Pootato Zerg - Winner!

Build Orders: Hatch First, Muta Ling Bane 

Get SALT Encoding   

  12  0:01  Drone  
  13  0:13  Overlord  
  13  0:18  Drone  
  14  0:24  Extractor, Drone  
  15  0:31  Drone  
  16  0:41  Drone  
  17  0:46  Drone  
  18  0:57  Hatchery  
  18  1:00  Drone  
  18  1:08  Drone  
  19  1:18  Spawning Pool  
  18  1:21  Drone  
  18  1:24  Extractor  
  19  1:32  Drone  
  19  1:40  Drone  
  20  1:57  Drone  
  21  2:09  Queen  
  21  2:10  Overlord  
  21  2:11  Roach Warren  
  22  2:16  Queen  
  24  2:29  Drone x2  
  26  2:37  Hatchery  
  25  2:51  Roach x2  
  25  2:52  Roach  
  31  3:11  Baneling Nest  
  31  3:12  Zergling x6  
  33  3:31  Metabolic Boost  
  33  3:32  Extractor  
  32  3:36  Overlord x3  
  30  3:51  Drone x2  
  32  3:55  Queen, Drone  
  37  4:05  Drone  
  37  4:06  Drone  
  39  4:14  Lair  
  37  4:17  Drone  
  37  4:18  Drone  
  38  4:47  Roach x3  
  38  4:48  Roach x4  
  38  4:49  Zergling x2  
  53  4:55  Baneling x2  
  53  5:15  Ravager x2  
  55  5:44  Drone x5  
  60  5:59  Overlord x3  
  60  6:07  Hatchery  
  59  6:31  Overlord, Drone x3  
  59  6:32  Drone x5  
  66  6:40  Drone  
  66  6:41  Drone x2  
  66  6:45  Extractor  
  66  6:46  Extractor  
  67  6:51  Overseer  
  67  6:52  Centrifical Hooks  
  67  6:53  Glial Reconstitution  
  67  7:00  Spire  
  66  7:18  Drone  
  66  7:19  Drone x6  
  66  7:20  Drone x2  
  75  7:24  Spore Crawler  
  75  7:29  Evolution Chamber  
  73  7:31  Evolution Chamber  
  73  7:33  Evolution Chamber  
  71  7:37  Queen  
  73  7:55  Extractor  
  73  7:56  Extractor  
  71  7:59  Zerg Melee Weapons Level 1, Zerg Ground Armor Level 1, Zerg Missile Weapons Level 1  
  71  8:02  Infestation Pit  
  71  8:03  Zergling x2  
  71  8:04  Zergling x10  
  76  8:07  Overlord  
  76  8:18  Overseer  
  76  8:21  Pneumatized Carapace  
  76  8:32  Mutalisk x4  
  84  8:42  Hive  
  62  9:24  Mutalisk  
  62  9:25  Mutalisk x3  
  62  9:26  Zergling x2  
  62  9:27  Zergling x30  
  86  9:53  Pathogen Glands  
  86  9:59  Hydralisk Den  
  85  10:25  Corruptor x4  
  93  10:35  Baneling x5  
  93  10:36  Baneling x2  
  93  10:42  Spore Crawler  
  92  10:43  Spore Crawler  
  92  10:46  Corruptor, Spore Crawler  
  92  10:47  Zergling x2  
  92  10:48  Zergling x14  
  82  11:15  Corruptor x3  
  82  11:16  Zergling x2  
  82  11:17  Zergling x2  
  72  12:03  Muscular Augments  
  72  12:06  Zerg Missile Weapons Level 2  
  72  12:07  Hydralisk  
  72  12:08  Hydralisk  
  62  12:46  Hydralisk  
  62  12:47  Hydralisk  
  60  13:29  Infestor  
  60  14:15  Spore Crawler x2  
  58  14:21  Spore Crawler  
  56  14:46  Overlord  
  53  15:37  Overlord x4  
  51  16:01  Hydralisk  
  51  16:02  Hydralisk x2  
  56  17:06  Hydralisk  
  56  17:07  Zergling x2  
  48  17:27  Ravager  
  45  17:30  Overseer  
  45  17:35  Spore Crawler  
  39  18:01  Lurker Den  
  39  18:08  Viper x2  
  39  18:11  Hydralisk  
  39  18:12  Hydralisk x6  
  51  18:15  Overlord x2  
  42  18:45  Spore Crawler  
  38  19:08  Zerg Missile Weapons Level 3  
  38  19:10  Overseer  
  38  19:34  Lurker x4  
  38  19:35  Lurker  
  35  20:21  Hydralisk  
  35  20:22  Hydralisk x7  
  35  20:23  Zergling x2  
  52  21:00  Zergling x2  
  52  21:01  Zergling x16  
  51  21:36  Spine Crawler  
  51  21:37  Spine Crawler  
  51  21:38  Hydralisk x3  
  55  21:41  Baneling x4  
  55  21:42  Baneling x2  
  55  21:43  Overlord x2  
  55  21:45  Greater Spire  
  55  22:02  Spore Crawler  
  53  22:09  Lurker  
  53  22:10  Lurker x2  
  53  22:14  Roach  
  53  22:15  Roach x5  
  66  22:50  Ravager  
  66  22:51  Ravager x5  
  71  22:53  Overlord  
  71  22:54  Queen  
Show
View Real Time Build Order
Export as new Build Order

MrFreezes Zerg - Winner!

Build Orders: Pool First 

Get SALT Encoding   

  12  0:25  Spawning Pool  
  11  1:05  Hatchery  
  11  1:08  Drone  
  11  1:09  Overlord  
  11  1:14  Queen  
  13  2:19  Drone  
  14  2:46  Spine Crawler  
  13  3:01  Roach Warren  
  12  3:21  Extractor  
  11  3:57  Drone x2  
  11  3:58  Drone  
  16  4:31  Roach x2  
  18  5:09  Roach  
  18  5:10  Roach  
  18  5:11  Overlord  
  22  6:11  Hatchery  
  22  6:16  Zergling x6  
  24  6:33  Drone  
  24  6:34  Extractor  
  24  6:53  Roach x2  
  24  6:54  Roach  
  30  7:07  Lair  
  30  7:08  Evolution Chamber  
  29  7:31  Drone  
  30  8:04  Drone x3  
  33  8:39  Drone x3  
  36  8:42  Burrow  
  36  8:47  Overlord x3  
  36  9:01  Zerg Missile Weapons Level 1  
  36  9:28  Ravager x2  
  38  9:51  Queen  
  40  9:55  Roach x2  
  44  10:54  Spore Crawler  
  41  12:24  Spire  
  41  12:26  Spore Crawler  
  33  13:12  Overlord x4  
  33  13:13  Overlord x2  
  33  13:29  Spire  
  33  13:36  Mutalisk x2  
  37  14:48  Overlord x3  
  37  14:51  Zerg Flyer Weapons Level 1  
  33  15:07  Mutalisk  
  35  15:51  Mutalisk x2  
  35  15:52  Mutalisk  
  41  17:01  Overlord x3  
  33  17:40  Drone  
  33  17:41  Drone x2  
  36  17:52  Spore Crawler  
  36  17:57  Spore Crawler  
  25  18:33  Mutalisk x3  
  31  18:37  Drone x3  
  31  19:07  Mutalisk x2  
  35  19:11  Overlord  
  33  20:00  Ravager x3  
  33  20:01  Ravager  
  23  21:14  Roach x3  
  29  21:20  Roach  
  29  21:21  Roach x2  
  34  22:06  Roach x3  
  25  22:26  Ravager x5  
  25  22:27  Ravager  
  21  22:39  Hatchery  
  21  22:52  Hatchery  
  20  22:59  Overlord x3  
  20  23:19  Drone  
  21  23:35  Drone x2  
Show
View Real Time Build Order
Export as new Build Order

MrPink Terran - Winner!

Build Orders:  

Get SALT Encoding   

  12  0:02  SCV  
  13  0:14  SCV  
  14  0:25  Supply Depot  
  14  0:26  SCV  
  15  0:41  Refinery  
  15  0:46  SCV  
  16  0:53  Barracks  
  16  0:58  SCV  
  17  1:10  SCV  
  18  1:21  Refinery  
  18  1:22  SCV  
  19  1:30  Supply Depot  
  19  1:35  SCV  
  20  1:43  Marine  
  21  1:49  Factory  
  21  1:51  SCV  
  22  2:02  Marine  
  22  2:06  Orbital Command  
  23  2:23  Factory, Marine  
  24  2:34  Factory Tech Lab  
  24  2:39  SCV  
  24  2:40  Supply Depot  
  25  2:53  Marine  
  25  2:55  Siege Tank  
  29  3:03  SCV  
  30  3:05  Supply Depot  
  30  3:08  Widow Mine  
  32  3:15  SCV  
  33  3:27  SCV  
  33  3:33  Siege Tank  
  37  3:36  Engineering Bay  
  37  3:52  Widow Mine  
  39  3:56  Supply Depot  
  39  3:58  SCV  
  40  4:05  Siege Tank  
  43  4:11  Missile Turret  
  43  4:35  SCV  
  43  4:36  Widow Mine  
  46  4:42  Starport  
  46  4:47  SCV  
  47  5:03  SCV  
  47  5:06  Siege Tank  
  51  5:07  Widow Mine  
  53  5:15  Missile Turret, SCV  
  53  5:20  Command Center  
  54  5:36  Supply Depot  
  54  5:38  Starport Tech Lab, Widow Mine  
  55  5:57  Marine  
  55  5:59  Supply Depot  
  55  6:03  Raven  
  58  6:06  Siege Tank  
  61  6:14  Supply Depot  
  61  6:15  Marine  
  62  6:19  Barracks  
  62  6:22  Supply Depot  
  62  6:25  Widow Mine  
  64  6:28  Missile Turret  
  64  6:33  Marine  
  64  6:34  SCV  
  66  6:46  SCV  
  67  6:53  Widow Mine  
  69  6:58  SCV  
  70  7:08  Raven  
  72  7:10  Supply Depot  
  72  7:13  Barracks  
  72  7:20  Armory  
  72  7:25  Supply Depot  
  72  7:33  Barracks Reactor  
  72  7:35  Barracks Tech Lab  
  72  7:37  Widow Mine  
  72  7:42  Supply Depot  
  74  7:49  Supply Depot  
  74  7:58  Siege Tank  
  77  7:59  Combat Shields  
  77  8:05  Barracks Reactor, Widow Mine  
  77  8:10  Supply Depot  
  79  8:17  Orbital Command  
  79  8:26  Supply Depot  
  79  8:29  Supply Depot  
  79  8:31  Marine x3  
  82  8:49  Marine x2  
  82  8:53  Marine x3  
  87  8:58  SCV  
  87  9:07  Marine x2  
  80  9:10  Marine, SCV  
  71  9:20  Marine  
  71  9:21  Marine  
  71  9:22  SCV  
  71  9:23  Siege Tank  
  77  9:24  Marine, Widow Mine  
  77  9:25  Marine  
  77  9:28  Marine  
  82  9:38  Refinery  
  78  9:49  Terran Vehicle Weapons Level 1  
  78  9:52  Terran Infantry Weapons Level 1  
  78  9:53  Widow Mine  
  78  9:54  Widow Mine  
  78  9:56  Supply Depot  
  78  9:57  Supply Depot  
  78  9:58  SCV  
  83  10:04  Refinery  
  83  10:09  Marine  
  83  10:10  Marine x4, SCV  
  83  10:14  Stimpack  
  89  10:17  Medivac  
  91  10:21  Widow Mine  
  91  10:23  SCV  
  94  10:32  Siege Tank  
  94  10:35  SCV  
  98  10:44  Missile Turret  
  98  10:47  Medivac, SCV  
  101  10:54  Drilling Claws  
  101  11:05  Missile Turret  
  101  11:20  Marine x3  
  101  11:21  Marine x2  
  101  11:23  Siege Tank  
  105  11:38  Marine x4  
  105  11:39  Marine  
  110  11:40  Supply Depot  
  110  11:42  Supply Depot  
  110  11:46  SCV  
  111  11:55  Siege Tank  
  111  11:58  SCV  
  115  12:10  SCV  
  116  12:24  Command Center  
  116  12:27  Siege Tank  
  118  12:33  Missile Turret  
  118  12:34  Marine x2  
  118  12:35  Marine x3  
  123  12:52  Marine  
  123  12:56  Missile Turret  
  124  12:59  Thor  
  128  13:38  Missile Turret  
  127  13:42  Thor  
  133  14:04  Missile Turret  
  133  14:16  Marine  
  133  14:17  Marine x2  
  134  14:23  Raven  
  138  14:25  Siege Tank  
  138  14:27  Missile Turret  
  141  14:49  Missile Turret  
  141  14:50  Marine x4  
  145  14:57  Siege Tank  
  148  15:05  Raven  
  150  15:13  Missile Turret  
  150  15:19  Marine x5  
  155  15:36  Marine  
  150  15:47  Marine x4  
  150  15:48  Medivac  
  155  16:02  Thor  
  161  16:06  Marine x2  
  161  16:07  Marine x3  
  166  16:18  Medivac  
  168  16:43  Marine x4  
  168  16:44  Marine  
  168  16:45  Thor  
  172  17:28  Medivac  
  174  17:30  Marine x2  
  174  17:31  Marine x3  
  179  17:58  Medivac  
  179  18:02  Marine x2  
  179  18:03  Marine x2  
  181  18:28  Medivac  
  179  18:56  Command Center  
  179  18:58  Medivac  
  181  19:28  Medivac  
  181  19:58  Raven  
  183  20:41  Raven  
  185  20:47  Marine  
  185  20:48  Marine x4  
  188  21:05  Marine x2  
  188  21:06  Marine x2  
  188  21:23  Raven  
  184  21:39  Marine x2  
  183  21:40  Marine  
  183  21:43  Orbital Command  
  185  21:47  Refinery  
  185  22:05  Widow Mine x2  
  189  22:11  Refinery  
  183  22:43  Marine x4  
  187  22:45  Siege Tank  
  190  23:17  Siege Tank  
  189  23:33  Marine x3  
  189  23:34  Marine x2  
  194  23:59  Supply Depot  
Show
View Real Time Build Order
Export as new Build Order

nexus Protoss 

Build Orders: Cannon Rush 

Get SALT Encoding   

  12  0:07  Probe (Chrono Boost)  
  13  0:18  Probe (Chrono Boost)  
  14  0:24  Pylon  
  15  0:28  Probe (Chrono Boost)  
  16  0:43  Forge, Probe (Chrono Boost)  
  16  0:53  Probe (Chrono Boost)  
  17  1:01  Pylon  
  17  1:05  Pylon  
  17  1:23  Photon Cannon  
  17  1:29  Photon Cannon  
  17  1:33  Photon Cannon  
  17  1:41  Pylon  
  17  1:49  Pylon  
  17  2:04  Pylon  
  17  2:08  Photon Cannon  
  17  2:16  Photon Cannon  
  17  2:23  Photon Cannon  
  17  2:33  Photon Cannon  
  17  2:44  Pylon  
  17  2:51  Pylon  
  17  2:58  Photon Cannon  
  17  3:09  Photon Cannon  
  17  3:19  Photon Cannon  
  17  3:32  Photon Cannon  
  17  3:54  Probe (Chrono Boost)  
  18  3:57  Assimilator  
  18  4:00  Gateway  
  18  4:06  Assimilator  
  18  4:09  Pylon  
  18  4:18  Probe (Chrono Boost)  
  19  4:27  Pylon  
  19  4:28  Probe (Chrono Boost)  
  20  4:39  Probe (Chrono Boost)  
  21  4:49  Probe (Chrono Boost)  
  22  4:53  Cybernetics Core  
  22  5:03  Nexus  
  22  5:17  Probe (Chrono Boost)  
  23  5:34  Robotics Facility  
  23  5:37  Stargate  
  23  5:49  Nexus  
  23  6:02  Mothership Core (Chrono Boost)  
  25  6:20  Pylon  
  25  6:21  Phoenix  
  27  6:34  Stargate  
  27  6:43  Observer  
  28  6:54  Phoenix  
  30  7:03  Assimilator  
  30  7:05  Probe (Chrono Boost)  
  31  7:11  Assimilator  
  32  7:15  Probe (Chrono Boost)  
  32  7:18  Phoenix  
  34  7:26  Probe (Chrono Boost)  
  35  7:31  Probe (Chrono Boost)  
  35  7:37  Probe (Chrono Boost)  
  37  7:42  Probe (Chrono Boost)  
  37  7:43  Phoenix  
  40  7:47  Probe (Chrono Boost)  
  41  7:52  Probe (Chrono Boost)  
  41  7:58  Probe (Chrono Boost)  
  43  8:08  Probe (Chrono Boost)  
  47  8:14  Phoenix  
  47  8:15  Phoenix  
  47  8:19  Probe (Chrono Boost)  
  49  8:21  Protoss Air Weapons Level 1  
  49  8:29  Probe (Chrono Boost)  
  50  8:39  Phoenix  
  50  8:40  Probe (Chrono Boost), Phoenix  
  55  8:49  Stargate  
  55  8:50  Probe (Chrono Boost)  
  55  8:53  Pylon  
  56  8:55  Pylon  
  56  8:59  Pylon  
  56  9:01  Probe (Chrono Boost)  
  57  9:11  Probe (Chrono Boost)  
  54  9:22  Probe (Chrono Boost)  
  55  9:44  Phoenix  
  55  9:45  Phoenix  
  59  10:09  Phoenix  
  59  10:10  Phoenix x2  
  63  10:34  Phoenix  
  65  11:16  Phoenix x3  
  70  11:19  Observer  
  67  11:59  Phoenix x3  
  72  12:37  Phoenix x3  
  78  13:02  Phoenix x3  
  82  13:27  Phoenix x2  
  86  14:29  Phoenix  
  86  14:48  Pylon  
  86  14:52  Pylon  
  86  15:00  Phoenix  
  86  15:06  Observer, Phoenix x2  
  85  15:32  Phoenix x2  
  85  15:33  Phoenix  
  49  17:53  Phoenix x3  
  55  18:18  Void Ray  
  47  18:59  Phoenix x2  
  47  19:01  Phoenix  
  53  19:13  Observer  
  38  19:24  Phoenix  
  40  19:54  Void Ray x2  
Show
View Real Time Build Order
Export as new Build Order

Gracz Terran 

Build Orders:  

Get SALT Encoding   

  12  0:05  SCV  
  13  0:17  SCV  
  14  0:27  Supply Depot  
  14  0:29  SCV  
  15  0:48  SCV  
  16  0:51  Refinery  
  16  0:55  Barracks  
  16  1:00  SCV  
  16  1:01  Refinery  
  17  1:12  SCV  
  18  1:24  SCV  
  19  1:42  Orbital Command  
  19  1:46  Supply Depot  
  19  1:51  Barracks  
  19  1:52  Barracks Reactor  
  19  2:34  Marine x2  
  21  2:37  Barracks  
  21  2:53  Factory  
  21  2:54  Barracks Reactor  
  21  3:05  SCV  
  22  3:18  Supply Depot  
  22  3:19  Marine x2  
  24  3:28  Barracks Tech Lab  
  24  3:33  Factory  
  24  3:43  Supply Depot  
  24  3:49  Supply Depot  
  24  3:52  Supply Depot  
  24  4:04  Factory Tech Lab  
  24  4:18  Starport  
  24  4:24  Starport  
  24  4:32  Starport  
  24  4:38  Engineering Bay  
  24  4:41  Factory Tech Lab  
  24  4:42  Siege Tank  
  27  4:49  Reaper  
  27  4:50  Marine x2, Reaper  
  31  4:56  SCV  
  32  5:05  Starport Tech Lab  
  32  5:06  Starport Tech Lab  
  32  5:08  Marine x2  
  34  5:20  Armory  
  34  5:21  Marine x2, Starport Tech Lab  
  36  5:34  Fusion Core  
  36  6:07  Reaper x2  
  36  6:08  Reaper x2  
  40  6:12  Banshee  
  43  6:39  Sensor Tower  
  43  7:24  Supply Depot  
  43  7:26  Thor  
  43  7:28  Marine x2  
  43  7:29  Marine x2  
  53  7:39  Banshee  
  53  7:44  Banshee  
  56  7:46  Marine x2  
  56  7:47  Marine x2  
  63  7:55  Supply Depot  
  63  8:04  Marine x2  
  63  8:05  Marine x2  
  67  8:25  Banshee  
  70  8:28  Viking  
  70  8:30  Marine x2  
  70  8:33  Command Center  
  33  9:30  Battlecruiser  
  39  9:33  Banshee  
  42  9:53  Refinery, SCV  
  42  9:57  Banshee  
  46  10:00  Marine x2  
  46  10:01  Marine  
  46  10:05  SCV  
  50  10:17  SCV  
  51  10:30  SCV, Thor  
  51  10:31  Marine  
  59  11:48  Orbital Command  
  59  11:55  Battlecruiser  
  59  11:56  Battlecruiser  
  49  12:25  Raven  
  40  12:46  SCV  
  41  12:55  Marine x2  
  43  12:58  SCV  
  43  12:59  Banshee  
  47  13:10  SCV  
  48  13:22  SCV  
  49  13:31  Marauder  
  51  13:35  SCV  
  52  13:41  Refinery  
  52  14:05  Starport  
  49  15:21  Orbital Command  
  49  15:23  Starport Tech Lab  
  49  15:26  Refinery  
  49  15:34  Starport  
  49  15:36  Battlecruiser x2  
  49  15:38  Marine x4  
  49  15:42  Terran Infantry Weapons Level 1  
  63  16:13  SCV  
  64  16:19  Starport Tech Lab  
  64  16:20  Starport  
  64  16:25  SCV  
  65  16:33  Refinery  
  65  16:37  SCV  
  66  16:49  SCV  
  66  16:51  Battlecruiser  
  71  17:01  SCV  
  69  17:13  SCV  
  31  17:28  Thor  
  33  17:44  Starport Tech Lab  
  33  17:55  Hellion  
  35  18:06  Weapon Refit  
  35  18:17  Hellion  
  28  18:48  Banshee x2  
  25  18:50  Banshee  
  31  19:07  SCV  
  32  19:11  SCV  
  32  19:16  Refinery  
  32  19:19  SCV  
  32  19:23  SCV  
  34  19:27  Thor  
  31  19:54  Viking  
  29  20:16  Battlecruiser  
  29  20:18  Banshee  
  24  20:53  Marine x2  
  24  20:54  Marine  
  24  20:58  Explosive Shrapnel Shells, Banshee  
  25  21:10  Marine  
  23  21:37  Marine x2  
  23  21:38  Marine x2  
  23  21:39  Banshee  
  20  21:41  Banshee  
  20  21:42  Banshee  
  19  22:08  Marine  
  19  22:09  Marine  
  10  22:37  Marine x4  
  10  22:40  Banshee x2  
  10  22:41  Banshee  
  16  23:38  Marine x2  
  16  23:39  Marine  
Show
View Real Time Build Order
Export as new Build Order

vlad Terran 

Build Orders:  

Get SALT Encoding   

  12  0:03  SCV  
  13  0:15  SCV  
  14  0:23  Supply Depot  
  14  0:27  SCV  
  15  0:37  Supply Depot  
  15  0:45  SCV  
  16  0:51  Barracks  
  16  0:57  SCV  
  17  1:08  Supply Depot  
  17  1:14  Refinery  
  17  1:22  SCV  
  17  1:23  Barracks  
  18  1:34  SCV  
  19  1:41  Refinery  
  19  1:46  SCV  
  20  1:56  Marine  
  20  1:58  SCV  
  22  2:04  Barracks  
  22  2:14  Marine  
  23  2:17  Barracks Reactor  
  23  2:26  Orbital Command  
  23  2:37  Marine  
  24  2:50  Factory  
  24  2:52  SCV  
  24  2:54  Engineering Bay  
  24  2:55  Marine  
  26  3:02  Marine x2  
  26  3:03  Barracks Tech Lab  
  28  3:17  Marine  
  29  3:38  Missile Turret  
  29  3:44  Factory Tech Lab  
  29  3:45  Marauder  
  29  3:46  Combat Shields  
  31  3:49  Marine  
  31  3:50  Marine  
  33  3:59  Missile Turret  
  33  4:06  Marauder  
  33  4:07  Marine x2  
  37  4:13  Supply Depot  
  37  4:30  Missile Turret  
  37  4:31  Terran Infantry Weapons Level 1  
  37  4:36  Marauder  
  39  4:45  Siege Tank  
  42  4:56  Missile Turret  
  42  5:01  Barracks, Marine  
  42  5:03  Marine  
  44  5:21  Starport  
  44  5:22  Siege Tank  
  47  5:40  Supply Depot  
  47  5:51  Barracks Tech Lab, Marine x3  
  47  5:52  Marauder  
  52  6:15  Starport Reactor  
  52  6:17  Starport  
  52  6:28  Widow Mine  
  54  6:49  Terran Infantry Armor Level 1  
  54  6:50  Missile Turret  
  54  6:53  Medivac  
  54  6:54  Medivac  
  58  6:56  Engineering Bay  
  58  6:58  Concussive Shells  
  58  7:12  Starport Tech Lab  
  58  7:27  Medivac x2  
  62  7:33  Supply Depot  
  62  7:55  Marauder  
  64  8:00  Supply Depot  
  64  8:05  Widow Mine  
  66  8:39  Missile Turret, Raven  
  68  8:46  Command Center  
  65  9:33  Marine  
  65  9:34  Marine x4  
  70  9:40  Medivac x2  
  74  9:54  Viking  
  76  10:01  SCV  
  77  10:12  Marine x3  
  77  10:13  SCV  
  81  10:24  Viking  
  81  10:25  SCV  
  84  11:37  Viking  
  84  11:38  Viking x2  
  90  11:46  Supply Depot  
  90  11:53  SCV  
  91  12:05  SCV  
  92  12:16  Factory  
  92  12:22  Armory  
  92  12:26  Armory  
  92  12:52  Siege Tank  
  95  12:59  Factory Reactor  
  95  13:03  Factory  
  95  13:04  Marauder  
  97  13:06  Stimpack  
  97  13:07  Marine x2  
  99  13:20  SCV  
  99  13:26  Refinery  
  100  13:28  Widow Mine  
  102  13:35  SCV  
  103  13:47  SCV  
  104  14:00  SCV  
  105  14:05  Refinery  
  105  14:12  SCV  
  105  14:13  Missile Turret  
  105  14:15  Widow Mine x2  
  110  14:54  Orbital Command  
  110  15:21  Medivac x2  
  110  15:26  Supply Depot  
  114  15:31  Supply Depot  
  114  15:37  Supply Depot, Terran Infantry Weapons Level 2  
  114  15:38  Terran Infantry Armor Level 2  
  114  15:41  Terran Vehicle Weapons Level 1  
  114  15:45  Factory Reactor  
  114  15:48  Supply Depot  
  114  16:05  Barracks, Marine x5  
  119  16:23  Marine x5  
  124  16:40  Marine  
  94  17:48  Marine x3  
  94  17:49  Marine x2  
  99  18:06  Marine x4  
  99  18:07  Marine  
  98  18:24  Marine x2  
  96  18:35  Siege Tank  
  99  18:43  Widow Mine x4  
  107  19:07  Siege Tank  
  110  19:11  Widow Mine  
  101  19:48  Widow Mine x4  
  107  20:16  Widow Mine  
  109  20:35  SCV  
  110  20:46  Ghost Academy  
  104  22:08  Marine x3  
  48  23:42  Marine x6  
Tags
 
Add a new tag
Caveats
  • Supply blocks, unpowered buildings, or Contaminate may cause inaccurate times.
  • Supply counts are checked every 10 seconds.